 Dungeon Crawl Stone Soup version 0.19.4 (console) character file.

16288 Kloppie the Blocker (level 12, 0/99 HPs)
             Began as a Minotaur Fighter on Feb 1, 2017.
             Was a Priest of Hepliaklqana.
             Slain by a salamander
             ... wielding a +0 spear
              (11 damage)
             ... in a volcano.
             The game lasted 00:17:37 (9823 turns).

Kloppie the Blocker (Minotaur Fighter)              Turns: 9823, Time: 00:17:38

Health: 0/99       AC: 16    Str: 30    XL:     12   Next: 8%
Magic:  0/11       EV:  7    Int: 10    God:    Hepliaklqana [***...]
Gold:   630        SH: 14    Dex: 11    Spells: 0 memorised, 11 levels left

rFire  . . .     SeeInvis .     a - +2 war axe
rCold  + . .     Gourm    .     j - +1 plate armour
rNeg   . . .     Faith    .     c - +0 shield
rPois  .         Spirit   +     M - +1 hat
rElec  .         Reflect  .     (no cloak)
rCorr  .         Harm     .     (no gloves)
MR     +....                    (no boots)
Stlth  ..........               w - amulet of guardian spirit
                                g - ring of protection from magic
                                A - ring of protection from cold

@: mighty, brilliant, lethally poisoned (0 -> 0)
A: retaliatory headbutt, reduced essence, horns 2
a: Recall Ancestor, Ancestor Identity, Transference, Renounce Religion


You were in a volcano.
You worshipped Hepliaklqana.
Hepliaklqana was most pleased with you.
You were hungry.

You visited 3 branches of the dungeon, and saw 13 of its levels.
You also visited: Volcano.

You collected 705 gold pieces.
You spent 75 gold pieces at shops.

Inventory:

Hand Weapons
 a - a +2 war axe (weapon)
 b - a +1 hand axe of flaming
Armour
 c - a +0 shield (worn)
 j - a +1 plate armour (worn)
 M - a +1 hat (worn)
Jewellery
 e - an uncursed ring of resist corrosion
 g - a ring of protection from magic (right hand)
 l - an uncursed ring of flight
 w - an amulet of guardian spirit (around neck)
 A - a ring of protection from cold (left hand)
Wands
 i - a wand of digging (17/24)
 F - a wand of heal wounds (3/9)
Scrolls
 k - a scroll of enchant weapon
 m - 2 scrolls of remove curse
 o - 5 scrolls of identify
 x - 2 scrolls of fog
 C - a scroll of teleportation
 H - a scroll of enchant armour
 N - 2 scrolls of amnesia
Potions
 d - a potion of might
 h - 2 potions of magic
 n - 2 potions of agility
 s - 3 potions of curing
 z - 2 potions of flight
Books
 t - a book of Flames

   Spells                             Type                      Level
   a - Flame Tongue                   Conjuration/Fire             1
   b - Throw Flame                    Conjuration/Fire             2
   c - Conjure Flame                  Conjuration/Fire             3
   d - Inner Flame                    Hexes/Fire                   3
   e - Sticky Flame                   Conjuration/Fire             4
   f - Fireball                       Conjuration/Fire             5
 E - a book of Maledictions

   Spells                             Type                      Level
   a - Corona                         Hexes                        1
   b - Ensorcelled Hibernation        Hexes/Ice                    2
   c - Confuse                        Hexes                        3
   d - Tukima's Dance                 Hexes                        3
   e - Dazzling Spray                 Conjuration/Hexes            3
 T - a book of Conjurations

   Spells                             Type                      Level
   a - Magic Dart                     Conjuration                  1
   b - Searing Ray                    Conjuration                  2
   c - Dazzling Spray                 Conjuration/Hexes            3
   d - Fulminant Prism                Conjuration/Hexes            4
   e - Iskenderun's Mystic Blast      Conjuration                  4
   f - Iskenderun's Battlesphere      Conjuration/Charms           5
Comestibles
 f - 5 bread rations
 v - 14 fruits
 B - 4 beef jerkies
 D - 6 meat rations
 O - a royal jelly
 R - 11 slices of pizza


   Skills:
 - Level 11.3 Fighting
 + Level 13.1 Axes
 * Level 10.0 Armour
 - Level 13.6 Shields


You had 11 spell levels left.
You didn't know any spells.

Dungeon Overview and Level Annotations

Branches:
Dungeon (11/15)            Temple (1/1) D:5            Lair (1/6) D:11
    Orc: D:9-12

Altars:
Ashenzari
Cheibriados
Dithmenos
Elyvilon
Fedhas
Gozag
Hepliaklqana
Kikubaaqudgha
Makhleb
Nemelex Xobeh
Okawaru
Qazlal
Ru
Sif Muna
Trog
Uskayaw
Vehumet
Xom
Yredelemnul
Zin
The Shining One

Shops:
D:6 !

Annotations:
Volcano CALLOUS's ghost, journeyman MiAr


Innate Abilities, Weirdness & Mutations

You reflexively headbutt those who attack you in melee.
You have a pair of horns on your head.
Your life essence is reduced. (-10% HP)


Message History

CALLOUS's ghost hits you but does no damage.
You are poisoned.
You closely miss CALLOUS's ghost.
CALLOUS's ghost is severely damaged.
You feel sick. You block the salamander's attack.
You block CALLOUS's ghost's attack.
You miss CALLOUS's ghost. Your headbutt misses CALLOUS's ghost.
CALLOUS's ghost is severely damaged.
You closely miss CALLOUS's ghost. Your headbutt misses CALLOUS's ghost.
CALLOUS's ghost is severely damaged.
The salamander hits you but does no damage.
CALLOUS's ghost hits you.
* * * LOW HITPOINT WARNING * * *
You slash CALLOUS's ghost!
CALLOUS's ghost is almost destroyed.
You feel sick. You block CALLOUS's ghost's attack.
The salamander hits you from afar with a spear!
* * * LOW HITPOINT WARNING * * *
You are engulfed in flames!
You die...

###§§# ##≈≈≈≈##
##≈≈.≈≈≈## ##
#§≈.))≈.≈# ≈##
.!$.?[.## ≈≈# ..)....#
§§## #N.W.$.# ≈§§#####
######W###
#####..###..#...@.###
#..#................#
......§≈≈§.≈.§≈.......#
#....≈≈§≈≈≈≈≈≈≈≈.....##
#....≈≈§≈§§≈≈≈≈≈≈≈....#
#....≈≈≈≈≈≈≈≈≈≈§≈....##
##....≈§≈≈§§≈§≈≈≈≈....
##.....≈§§§§§≈≈......#
##....≈≈≈≈§≈§....#.


You could see a salamander and CALLOUS's ghost.

Vanquished Creatures
  2 hydras
  A salamander mystic (Volcano)
  A hill giant (D:11)
  Pikel (D:4)
  A manticore (D:11)
  A salamander (Volcano)
  A centaur zombie (D:11)
  An elephant (D:11)
  Psyche (D:11)
  A gargoyle (D:11)
  2 trolls
  A dream sheep (D:10)
  2 yaks
  A steam dragon (D:11)
  Eustachio (D:6)
  A hungry ghost (D:11)
  2 water moccasins
  Duvessa (D:4)
  A black bear (D:11)
  8 orc warriors
  A sky beast (D:6)
  9 ogres
  3 phantoms
  A necrophage (D:8)
  7 centaurs
  2 crocodiles (D:11)
  2 big kobolds
  4 bullfrogs
  A wyvern zombie (D:10)
  A gnoll sergeant (D:9)
  Dowan (D:4)
  4 scorpions
  8 killer bees
  4 wights (D:10)
  4 howler monkeys
  2 crimson imps
  2 quasits
  9 hounds
  6 orc priests
  4 bullfrog skeletons
  A jelly (D:10)
  3 centaur skeletons
  11 orc wizards
  Terence (D:2)
  7 iguanas
  10 worker ants
  3 hound skeletons
  A mummy (D:7)
  Robin (D:2)
  18 adders
  8 gnolls
  3 shadow imps
  An ooze (D:2)
  An adder zombie (D:4)
  A worm (D:2)
  2 dart slugs
  11 leopard geckos
  68 orcs
  A ball python (D:2)
  5 bats
  5 giant cockroaches
  14 goblins
  12 hobgoblins
  12 jackals
  17 kobolds
  6 quokkas
  4 frilled lizards
  A leopard gecko zombie (D:5)
  A quokka skeleton (D:10)
  5 rats
  A bush (D:10)
341 creatures vanquished.

Vanquished Creatures (collateral kills)
  The ghost of Blunderbuss the Slicer, a novice MiBe of Trog (D:7)
  A troll (D:10)
  A dream sheep (D:10)
  A two-headed ogre (D:8)
  A wyvern (D:10)
  A wraith (D:10)
  A hungry ghost (D:11)
  A sky beast (D:5)
  4 orc warriors
  An ice beast (D:6)
  A black bear (D:8)
  3 centaurs
  3 bullfrogs
  3 big kobolds
  2 killer bees (D:10)
  A centaur zombie (D:6)
  An orc priest (D:6)
  3 orc wizards
  A worker ant (D:8)
  A gnoll (D:7)
  2 adders
  A dart slug (D:5)
  6 orcs
  A jackal (D:7)
  A kobold (D:9)
43 creatures vanquished.

Vanquished Creatures (others)
  5 hexers
  An adder (D:4)
  A giant cockroach (D:4)
  A plant (D:11)
  4 toadstools (D:1)
12 creatures vanquished.

Grand Total: 396 creatures vanquished

Notes
Turn   | Place    | Note
-------+----------+-------------------------------------------
     0 | D:1      | Kloppie the Minotaur Fighter began the quest for the Orb.
     0 | D:1      | Reached XP level 1. HP: 19/19 MP: 0/0
   151 | D:1      | Reached XP level 2. HP: 27/27 MP: 1/1
   816 | D:2      | Reached XP level 3. HP: 34/34 MP: 2/2
   905 | D:2      | Noticed Terence
   914 | D:2      | Killed Terence
   914 | D:2      | Reached skill level 5 in Fighting
   925 | D:2      | Reached XP level 4. HP: 42/42 MP: 3/3
  1094 | D:2      | Noticed Robin
  1111 | D:2      | Killed Robin
  1660 | D:3      | Reached XP level 5. HP: 47/50 MP: 4/4
  2412 | D:4      | Noticed an ogre
  2418 | D:4      | Killed an ogre
  2418 | D:4      | Reached XP level 6. HP: 47/60 MP: 5/5
  2583 | D:4      | Noticed Pikel
  2583 | D:4      | Noticed a slave
  2583 | D:4      | Noticed a slave
  2604 | D:4      | Noticed a slave
  2614 | D:4      | Noticed a slave
  2614 | D:4      | Killed Pikel
  2614 | D:4      | Reached XP level 7. HP: 44/70 MP: 6/6
  2667 | D:4      | Found an iron altar of Okawaru.
  2706 | D:4      | Found a stormy altar of Qazlal.
  2710 | D:4      | Found a blossoming altar of Fedhas.
  2898 | D:4      | Noticed Duvessa
  2900 | D:4      | Noticed Dowan
  2902 | D:4      | Killed Duvessa
  2902 | D:4      | Reached skill level 5 in Shields
  2902 | D:4      | Reached XP level 8. HP: 68/78 MP: 7/7
  2909 | D:4      | Killed Dowan
  2976 | D:4      | Found a snail-covered altar of Cheibriados.
  2986 | D:4      | Found an ancient bone altar of Kikubaaqudgha.
  3160 | D:5      | Entered Level 5 of the Dungeon
  3226 | D:5      | Found a staircase to the Ecumenical Temple.
  3237 | Temple   | Entered the Ecumenical Temple
  3397 | Temple   | Became a worshipper of Hepliaklqana the Forgotten
  4141 | D:6      | Noticed Eustachio
  4169 | D:6      | Killed Eustachio
  4169 | D:6      | Reached XP level 9. HP: 45/74 MP: 8/8
  4210 | D:6      | Reached skill level 5 in Armour
  4218 | D:6      | Found Riryst's Distillery.
  4226 | D:6      | Bought a potion of heal wounds for 75 gold pieces
  4347 | D:6      | Reached * piety under Hepliaklqana
  5451 | D:7      | Noticed Blunderbuss's ghost (novice MiBe)
  5481 | D:7      | Killed Blunderbuss's ghost
  5647 | D:7      | Found a snail-covered altar of Cheibriados.
  5687 | D:7      | Reached ** piety under Hepliaklqana
  5688 | D:7      | Remembered your ancestor Hrodulf as a hexer
  5743 | D:8      | Reached XP level 10. HP: 81/81 MP: 9/9
  5761 | D:8      | Reached skill level 10 in Axes
  5811 | D:8      | Reached skill level 10 in Fighting
  7400 | D:10     | Entered Level 10 of the Dungeon
  7900 | D:10     | Reached skill level 10 in Shields
  8271 | D:10     | Reached XP level 11. HP: 67/91 MP: 8/10
  8334 | D:10     | Reached *** piety under Hepliaklqana
  8427 | D:10     | Noticed a three-headed hydra
  8433 | D:10     | Killed a one-headed hydra
  8870 | D:11     | Noticed a hill giant
  8873 | D:11     | Noticed Psyche
  8887 | D:11     | Killed a hill giant
  8889 | D:11     | Killed Psyche
  9120 | D:11     | Found a staircase to the Lair.
  9535 | D:11     | Noticed a five-headed hydra
  9551 | D:11     | Killed a one-headed hydra
  9638 | D:11     | Reached XP level 12. HP: 85/99 MP: 11/11
  9682 | Lair:1   | Entered Level 1 of the Lair of Beasts
  9740 | Lair:1   | Found a dark tunnel.
  9766 | Volcano  | Entered a volcano
  9787 | Volcano  | Noticed CALLOUS's ghost (journeyman MiAr)
  9797 | Volcano  | Reached skill level 10 in Armour
  9812 | Volcano  | HP: 3/99 [salamander/spear (15)]
  9823 | Volcano  | Slain by a salamander

Skill      XL: |  1  2  3  4  5  6  7  8  9 10 11 12 |
---------------+-------------------------------------+-----
Fighting       | 4 5 6 7 9 11 | 11.3
Axes           | 3 4 6 8 9 11 13 | 13.1
Shields        | 5 8 10 13 | 13.6
Armour         | 4 9 10 | 10.0

Action                   |  1- 3 |  4- 6 |  7- 9 | 10-12 || total
-------------------------+-------+-------+-------+-------++-------
Melee: War axe           |    61 |   183 |   287 |   544 ||  1075
       Headbutt          |    12 |    31 |    63 |   111 ||   217
       Hand axe          |       |       |       |    21 ||    21
Invok: Ancestor Life: He |       |       |     1 |       ||     1
Evoke: Wand              |       |       |     1 |    10 ||    11
  Use: Scroll            |       |       |    12 |     7 ||    19
       Potion            |       |       |     8 |     6 ||    14
 Stab: Distracted        |       |       |     2 |     7 ||     9
       Confused          |       |       |       |     3 ||     3
  Eat: Chunk             |       |     6 |     9 |    17 ||    32
Armor: Plate armour      |    43 |   128 |   153 |   243 ||   567
Dodge: Dodged            |    10 |    31 |    47 |   111 ||   199
Block: Shield            |    36 |    96 |   161 |   354 ||   647
